 Dungeon Crawl Stone Soup version 0.23.1-37-gaa34b87b72 (webtiles) character file.

Game seed: 742905681242580210

2085 strelocc the Thaumaturge (level 9, -1/45 HPs)
             Began as a Deep Elf Fire Elementalist on Mar 21, 2019.
             Was a Follower of Vehumet.
             Slain by a gnoll zombie (6 damage)
             ... in an ossuary.
             The game lasted 00:15:26 (7684 turns).

strelocc the Thaumaturge (DEFE)                     Turns: 7684, Time: 00:15:27

Health: -1/45      AC:  2    Str:  5    XL:     9   Next: 6%
Magic:  7/25       EV: 12    Int: 24    God:    Vehumet [*.....]
Gold:   234        SH:  0    Dex: 15    Spells: 12/28 levels left

rFire    + . .     SeeInvis .   v - +0 shortbow
rCold    + . .     Gourm    .   (shield currently unavailable)
rNeg     . . .     Faith    .   a - +0 robe
rPois    +         Spirit   .   (no helmet)
rElec    +         Reflect  .   (no cloak)
rCorr    +         Harm     .   (no gloves)
MR       .....                  (no boots)
Stlth    ++........             (no amulet)
HPRegen  0.15/turn              (no ring)
MPRegen  0.19/turn              (no ring)

@: resistant, lightly drained
A: no striking features
a: Renounce Religion


You were in an ossuary.
You worshipped Vehumet.
Vehumet was aware of your devotion.
You were near starving.

You visited 2 branches of the dungeon, and saw 8 of its levels.
You also visited: Ossuary.

You collected 273 gold pieces.
You spent 39 gold pieces at shops.

Inventory:

Hand Weapons
 v - a +0 shortbow (weapon)
Missiles
 y - 47 arrows (quivered)
Armour
 a - a +0 robe (worn)
Jewellery
 b - an uncursed amulet of rage {unknown}
 t - an uncursed ring of resist corrosion {unknown}
Wands
 o - a wand of iceblast (19)
 q - a wand of flame (14)
 s - a wand of disintegration (13)
Scrolls
 e - a scroll of teleportation
 f - 5 scrolls of identify {unknown}
 h - a scroll of fog {unknown}
 i - a scroll of magic mapping
 j - 5 scrolls of remove curse
 k - a scroll of noise {unknown}
 m - 3 scrolls of immolation {unknown}
 n - 3 scrolls of enchant weapon {unknown}
 x - 2 scrolls of blinking {unknown}
 z - a scroll of fear {unknown}
 B - a scroll of amnesia {unknown}
Potions
 g - a potion of degeneration {unknown}
 l - a potion of curing
 p - a potion of mutation {unknown}
 r - a potion of heal wounds {unknown}
 u - a potion of magic {unknown}
 w - 2 potions of brilliance {unknown}
 A - 2 potions of haste {unknown}
 C - a potion of ambrosia {unknown}
 D - a potion of lignification {unknown}
 E - 3 potions of flight {unknown}
Comestibles
 c - 15 rations


   Skills:
 - Level 2.4(1.9) Dodging
 - Level 2.4(1.9) Stealth
 + Level 10.0(9.4) Spellcasting
 + Level 8.1(7.5) Conjurations
 + Level 7.2(6.6) Fire Magic


You had 12 spell levels left.
You knew the following spells:

 Your Spells              Type           Power        Failure   Level  Hunger
a - Flame Tongue          Conj/Fire      #####        1%          1    None
b - Conjure Flame         Conj/Fire      #####...     1%          3    None
c - Sticky Flame          Conj/Fire      #####...     3%          4    ##.....
d - Fireball              Conj/Fire      #####.....   9%          5    ####...
e - Stone Arrow           Conj/Erth      ####..       3%          3    None

Your spell library contained the following spells:

 Spells                   Type           Power        Failure   Level  Hunger
 Sting                    Conj/Pois      ####         1%          1    None
 Throw Flame              Conj/Fire      #####.       1%          2    None
 Inner Flame              Hex/Fire       ####....     4%          3    None
 Sandblast                Erth           ##....       5%          1    None
 Passwall                 Tmut/Erth      ##......     9%          2    None
 Petrify                  Tmut/Erth      ##......     50%         4    ##.....
 Lee's Rapid Deconstruct  Erth           ##........   83%         5    ####...


Dungeon Overview and Level Annotations

Branches:
Dungeon (7/15)             Temple (1/1) D:5

Altars:
Dithmenos
Elyvilon
Gozag
Hepliaklqana
Kikubaaqudgha
Nemelex Xobeh
Okawaru
Qazlal
Sif Muna
Vehumet
Wu Jian
Xom
The Shining One

Shops:
D:4 !   D:6 *   D:7 =


Message History

The hound zombie barely misses you. The hound zombie completely misses you.
Casting: Sticky Flame (safe; 3% risk of failure)
Confirm with . or Enter, or press ? or * to list all spells.
Aiming: Sticky Flame (safe; 3% risk of failure)
Press: ? - help, Shift-Dir - straight line, f - hound zombie
Aim: a hound zombie The sticky flame hits the hound zombie!
The hound zombie is moderately damaged.
The hound zombie is covered in liquid flames!
The hound zombie burns!
The adder zombie bites you.
* * * LOW HITPOINT WARNING * * *
The hound zombie bites you.
* * * LOW HITPOINT WARNING * * *
The hound zombie burns!
Found a gate leading back out of this place.
The hound zombie burns!
You destroy the hound zombie!
Vehumet accepts your kill. The gnoll zombie hits you.
You die...

......................
.....................
............Z........
. .##...............#
..
#.........ZZ....##...
...........ZZ........
.............M.....
....#####.ZZ......#
..........@.......# ..
...∩...........+ #
################


You could see a mummy, an adder zombie, a goblin zombie, a gnoll zombie, a big
kobold zombie, an orc zombie and 2 human zombies.

Vanquished Creatures
  Grinder (D:5)
  Eustachio (D:5)
  Menkaure (D:5)
  A sky beast (D:6)
  An ice beast (D:6)
  An ogre (D:4)
  3 centaurs
  A bullfrog (D:6)
  2 scorpions
  3 wights (D:7)
  3 crimson imps (D:5)
  A hound (D:5)
  5 orc priests
  5 orc wizards
  An iguana (D:4)
  A bullfrog skeleton (D:5)
  Ijyb (D:3)
  3 worker ants
  3 hound zombies
  A mummy (D:7)
  4 gnolls (D:3)
  7 adders
  A white imp (D:5)
  3 adder skeletons
  3 dart slugs
  5 leopard geckos
  16 orcs
  3 ball pythons
  2 bats
  3 giant cockroaches (D:3)
  8 goblins
  7 hobgoblins
  8 jackals
  A ball python skeleton (D:4)
  2 frilled lizards
  A hobgoblin zombie (Ossuary)
  A kobold (D:1)
  An orc zombie (Ossuary)
  3 rats (D:1)
118 creatures vanquished.

Notes
Turn   | Place    | Note
-------+----------+-------------------------------------------
     0 | D:1      | strelocc the Deep Elf Fire Elementalist began the quest for
                  | the Orb.
     0 | D:1      | Reached XP level 1. HP: 10/10 MP: 6/6
   155 | D:1      | Reached XP level 2. HP: 8/15 MP: 0/8
  1139 | D:2      | Reached skill level 4 in Spellcasting
  1185 | D:2      | Reached XP level 3. HP: 19/19 MP: 8/10
  1281 | D:2      | Learned a level 3 spell: Conjure Flame
  1682 | D:3      | Found a shadowy altar of Dithmenos.
  1760 | D:3      | Reached XP level 4. HP: 12/24 MP: 7/12
  1781 | D:3      | HP: 1/24 [orc/+0 falchion (7)]
  2309 | D:3      | Noticed a centaur
  2319 | D:3      | Killed a centaur
  2319 | D:3      | Reached skill level 5 in Spellcasting
  2319 | D:3      | Reached XP level 5. HP: 19/28 MP: 3/15
  2416 | D:3      | Learned a level 4 spell: Sticky Flame
  2422 | D:3      | Learned a level 5 spell: Fireball
  2476 | D:3      | Noticed Ijyb
  2745 | D:3      | Reached skill level 6 in Spellcasting
  2812 | D:3      | Killed Ijyb
  3081 | D:3      | Reached XP level 6. HP: 32/32 MP: 14/17
  4031 | D:4      | Reached skill level 5 in Conjurations
  4412 | D:4      | Reached skill level 7 in Spellcasting
  4651 | D:4      | Reached XP level 7. HP: 33/36 MP: 11/19
  4770 | D:4      | Found Uked's Distillery.
  4974 | D:5      | Entered Level 5 of the Dungeon
  4980 | D:5      | Found a staircase to the Ecumenical Temple.
  5311 | D:5      | Noticed Eustachio
  5318 | D:5      | Killed Eustachio
  5445 | Temple   | Entered the Ecumenical Temple
  5545 | Temple   | Became a worshipper of Vehumet
  5601 | D:5      | Reached skill level 8 in Spellcasting
  5601 | D:5      | Reached skill level 5 in Fire Magic
  5608 | D:5      | Noticed Menkaure
  5611 | D:5      | Killed Menkaure
  5670 | D:5      | Reached XP level 8. HP: 34/41 MP: 19/22
  5685 | D:5      | Noticed Grinder
  5691 | D:5      | Paralysed by Grinder for 2 turns
  5695 | D:5      | Killed Grinder
  6129 | D:5      | Learned a level 3 spell: Stone Arrow
  6353 | D:5      | Reached skill level 9 in Spellcasting
  7234 | D:6      | Found Ruipy's General Store.
  7239 | D:6      | Bought a scroll of remove curse for 39 gold pieces
  7367 | D:7      | Reached XP level 9. HP: 22/45 MP: 4/24
  7371 | D:6      | Reached * piety under Vehumet
  7371 | D:6      | Offered knowledge of Sting by Vehumet.
  7371 | D:6      | Reached skill level 10 in Spellcasting
  7634 | D:7      | Found Saff's Jewellery Emporium.
  7661 | D:7      | Found a sand-covered staircase.
  7668 | D:7      | HP: 2/45 [worker ant (5)]
  7669 | Ossuary  | Entered an ossuary
  7684 | Ossuary  | Slain by a gnoll zombie

Skill      XL: |  1  2  3  4  5  6  7  8  9 |
---------------+----------------------------+-----
Conjurations   | 2 3 4 5 6 8 |  8.1
Spellcasting   | 4 5 6 7 8 9 10 | 10.0
Fire Magic     | 4 5 7 |  7.2
Dodging        | |  2.4
Stealth        | |  2.4

Action                   |  1- 3 |  4- 6 |  7- 9 || total
-------------------------+-------+-------+-------++-------
Melee: Unarmed           |     7 |       |       ||     7
 Fire: Shortbow          |       |       |    55 ||    55
 Cast: Flame Tongue      |    49 |   111 |   108 ||   268
       Sticky Flame      |       |     2 |    12 ||    14
       Conjure Flame     |       |     1 |     2 ||     3
       Stone Arrow       |       |       |     4 ||     4
       Fireball          |       |       |     2 ||     2
  Use: Potion            |       |       |     3 ||     3
       Scroll            |       |       |     2 ||     2
  Eat: Chunk             |     2 |    10 |     5 ||    17
       Ration            |       |       |     1 ||     1
Armor: Robe              |     5 |     9 |     9 ||    23
Dodge: Dodged            |    19 |    43 |    59 ||   121
